 Dungeon Sprint DCSS version 0.17-a0-2069-g0f4ee5b (webtiles) character file.

37515 Kidiri the Tortoise (level 13, 0/88 HPs)
             Began as a Gargoyle Fighter on Oct 13, 2015.
             Was a High Priest of Okawaru.
             Slain by a great orb of eyes (7 damage)
             ... in the Dungeon (Sprint IX: "|||||||||||||||||||||||||||||").
             The game lasted 00:23:08 (4446 turns).

Kidiri the Tortoise (Gargoyle Fighter)              Turns: 4446, Time: 00:23:08

Health: 0/88       AC: 42    Str: 24    XL:     13   Next: 97%
Magic:  21/22      EV: 16    Int: 14    God:    Okawaru [*****.]
Gold:   1729       SH:  0    Dex:  8    Spells: 0 memorised, 12 levels left

rFire  . . .     SeeInvis .     a - +2 morningstar (protect)
rCold  . . .     Clarity  .     r - +3 scale mail
rNeg   + . .     SustAt   .     E - +2 large shield
rPois  ∞         Gourm    .     L - +2 hat of the Exiled Wars {MR- Regen+ Slay+2}
rElec  +         Spirit   .     A - +0 cloak
rCorr  .         Warding  .     B - +1 pair of gloves
rMut   .         NoTele   +     H - +1 pair of boots
MR     .....                    (no amulet)
Stlth  ..........               s - +2 ring of protection
                                l - +3 ring of intelligence

@: confused, heroism, finesse, not resistant to hostile enchantments, extremely
unstealthy
A: icy blue scales 1, clever 1, clumsy 1, deterioration 1, negative energy
resistance 1, electricity resistance, unbreathing, evolution 2, petrification
resistance, rot immunity, AC +9
a: Heroism, Finesse, Renounce Religion


You were in the Dungeon.
You worshipped Okawaru.
Okawaru was extremely pleased with you.
You were not hungry.

You visited 1 branch You collected 1960 gold pieces.
You spent 231 gold pieces at shops.

Inventory:

Hand Weapons
 a - a +2 morningstar of protection (weapon)
Missiles
 k - 6 javelins
 q - 2 throwing nets
 D - 10 tomahawks (quivered)
 I - 3 steel javelins
Armour
 m - a +0 hat of magic resistance
 r - a +3 scale mail (worn)
 A - a +0 cloak (worn)
 B - a +1 pair of gloves (worn)
 E - a +2 large shield (worn)
 H - a +1 pair of boots (worn)
 L - the +2 hat of the Exiled Wars (worn) {MR- Regen+ Slay+2}
   (Okawaru gifted it to you in the Dungeon)

   It affects your accuracy and damage with ranged weapons and melee attacks
   (+2).
   It affects your resistance to hostile enchantments.
   It increases your rate of regeneration.
Jewellery
 l - a +3 ring of intelligence (left hand)
 s - a +2 ring of protection (right hand)
 F - an uncursed ring of protection from cold
 G - an uncursed ring of protection from cold
Wands
 p - a wand of fire (7)
 y - a wand of draining (9)
Scrolls
 g - 2 scrolls of fog
 n - 7 scrolls of remove curse
 o - 2 scrolls of amnesia
 u - a scroll of fear
 v - a scroll of recharging
Potions
 b - a potion of resistance
 c - a potion of lignification
 d - a potion of might
 e - 4 potions of agility
 f - a potion of invisibility
 h - 3 potions of haste
 i - 4 potions of magic
 j - a potion of berserk rage
 t - a potion of cure mutation
Comestibles
 w - 40 fruits
 x - 9 bread rations
 z - 12 meat rations


   Skills:
 + Level 13.1(18.1) Fighting
 * Level 16.1(21.1) Maces & Flails
 + Level 7.8(12.8) Throwing
 * Level 17.5(22.5) Armour
 * Level 13.7(18.7) Dodging
 * Level 17.3(22.3) Shields
 + Level 12.4 Invocations


You had 12 spell levels left.
You didn't know any spells.

Dungeon Overview and Level Annotations

Branches:
Dungeon (1/1)

Altars:
Cheibriados
Dithmenos
Elyvilon
Fedhas
Gozag
Kikubaaqudgha
Makhleb
Nemelex Xobeh
Okawaru
Qazlal
Ru
Sif Muna
Trog
Vehumet
Xom
Yredelemnul
Zin
The Shining One
Beogh
Jiyva
Lugonu

Shops:
D *!![


Innate Abilities, Weirdness & Mutations

You are resistant to torment.
Your stone body is resilient (AC +9).
You are immune to poison.
You resist negative energy.
You are resistant to electric shocks.
You can survive without breathing.
You are immune to petrification.
You are immune to rotting.
You are partially covered in icy blue scales (AC +1).
Your mind is acute. (Int +2)
You are clumsy. (Dex -2)
Your body sometimes deteriorates upon taking damage.
You rapidly evolve.


Message History

You are more confused.
You're too confused to move!
You bump into the unnaturally hard rock wall.
The great orb of eyes gazes at you.
You are more confused.
You bump into the unnaturally hard rock wall.
The entropy weaver begins to chant a word of entropy!
You hit the great orb of eyes but do no damage.
The great orb of eyes bites you but does no damage.
You bump into the unnaturally hard rock wall.
The great orb of eyes bites you!
* * * LOW HITPOINT WARNING * * *
Unknown command.
You bump into the unnaturally hard rock wall.
The great orb of eyes bites you but does no damage.
You bump into the unnaturally hard rock wall.
The great orb of eyes misses you.
You bump into the unnaturally hard rock wall.
The great orb of eyes bites you!
You die...

)▓.▓)▓.▓=▓.▓.▓.▓.▓
.▓.▓.▓.▓.▓.▓.▓.▓.▓
.▓.▓.▓)▓.▓.▓.▓.▓p▓
.▓.▓.▓.▓.▓.▓.▓.▓.▓
.▓.▓.▓.▓'▓.▓.▓.▓c▓
.▓.▓.▓.▓.▓.▓.▓.▓C▓
'▓.▓.▓.▓.▓.▓.▓.▓C▓
.▓.▓.▓.▓.▓.▓.▓.▓G▓
.▓.▓.▓.▓.▓.▓.▓.▓@▓
.▓.▓.▓.▓.▓.▓.▓.▓.▓
.▓.▓.▓.▓.▓.▓.▓.▓.▓
.▓.▓.▓.▓.▓.▓.▓.▓.▓
.▓.▓.▓.▓.▓.▓.▓.▓.▓
.▓.).▓...▓...▓...▓
▓▓▓▓▓▓▓▓▓▓▓▓▓▓▓▓▓▓


You could see a fire giant, a stone giant, an entropy weaver, a great orb of
eyes and a yaktaur.

Vanquished Creatures
  A very ugly thing (D)
  An ettin (D)
  An ogre mage (D)
  A great orb of eyes (D)
  Harold (D)
  3 hydras (D)
  An ice dragon (D)
  A rakshasa (D)
  A spriggan air mage (D)
  2 centaur warriors (D)
  2 alligator snapping turtles (D)
  A death yak (D)
  An alligator (D)
  7 orc high priests (D)
  Urug (D)
  2 naga sharpshooters (D)
  A shock serpent (D)
  A wizard (D)
  A sea snake (D)
  An unseen horror (D)
  A spriggan druid (D)
  2 orb spiders (D)
  A swamp dragon (D)
  4 lindwurms (D)
  2 wolf spiders (D)
  3 manticores (D)
  An orc knight (D)
  A water nymph (D)
  2 hornets (D)
  2 ugly things (D)
  2 orc sorcerers (D)
  2 naga magi (D)
  2 sirens (D)
  A guardian serpent (D)
  4 spiny frogs (D)
  A gargoyle (D)
  2 yaktaurs (D)
  A demonic crawler (D)
  3 black mambas (D)
  A kobold demonologist (D)
  A komodo dragon (D)
  A fire drake (D)
  A merfolk (D)
  A troll (D)
  A blink frog (D)
  A slime creature (D)
  3 yaks (D)
  A trapdoor spider (D)
  A redback (D)
  A deep elf mage (D)
  A basilisk (D)
  2 hippogriffs (D)
  A hungry ghost (D)
  A porcupine (D)
  A water moccasin (D)
  2 swamp drakes (D)
  11 orc warriors (D)
  A wasp (D)
  A crocodile (D)
  A big kobold (D)
  A brain worm (D)
  4 giant frogs (D)
  A wight (D)
  A crimson imp (D)
  7 orc priests (D)
  2 worker ants (D)
  2 orc wizards (D)
  A river rat (D)
  An adder (D)
  An adder zombie (D)
  3 worms (D)
  10 orcs (D)
  2 bat skeletons (D)
  A bat zombie (D)
  A goblin (D)
  A bat (D)
  A giant newt (D)
  2 kobolds (D)
  A quokka (D)
146 creatures vanquished.

Notes
Turn   | Place    | Note
--------------------------------------------------------------
     0 | D        | Kidiri the Gargoyle Fighter began the quest for the Orb.
     0 | D        | Reached XP level 1. HP: 14/14 MP: 1/1
    48 | D        | Noticed a worker ant
    69 | D        | Killed a worker ant
    69 | D        | Reached skill level 4 in Fighting
    69 | D        | Reached skill level 1 in Dodging
    69 | D        | Reached XP level 2. HP: 10/20 MP: 2/2
    69 | D        | Reached XP level 3. HP: 12/24 MP: 3/3
   108 | D        | Found a glowing silver altar of Zin.
   108 | D        | Found a glowing golden altar of the Shining One.
   108 | D        | Found an ancient bone altar of Kikubaaqudgha.
   108 | D        | Found a basalt altar of Yredelemnul.
   108 | D        | Found a shimmering altar of Xom.
   108 | D        | Found a radiant altar of Vehumet.
   109 | D        | Found an iron altar of Okawaru.
   110 | D        | Found a burning altar of Makhleb.
   111 | D        | Found a deep blue altar of Sif Muna.
   112 | D        | Found a bloodstained altar of Trog.
   113 | D        | Found a sparkling altar of Nemelex Xobeh.
   114 | D        | Found a white marble altar of Elyvilon.
   115 | D        | Found a roughly hewn altar of Beogh.
   116 | D        | Found a viscous altar of Jiyva.
   117 | D        | Became a worshipper of Warmaster Okawaru
   118 | D        | Found a corrupted altar of Lugonu.
   119 | D        | Found a blossoming altar of Fedhas.
   120 | D        | Found a snail-covered altar of Cheibriados.
   121 | D        | Found a shadowy altar of Dithmenos.
   122 | D        | Found a stormy altar of Qazlal.
   123 | D        | Found an opulent altar of Gozag.
   124 | D        | Found a sacrificial altar of Ru.
   308 | D        | Noticed a water moccasin
   308 | D        | Noticed a big kobold
   308 | D        | Noticed a yak
   308 | D        | Noticed a worker ant
   318 | D        | Killed a worker ant
   318 | D        | Reached skill level 5 in Armour
   318 | D        | Reached XP level 4. HP: 25/30 MP: 4/4
   323 | D        | Killed a yak
   323 | D        | Reached * piety under Okawaru
   323 | D        | Reached skill level 5 in Fighting
   323 | D        | Reached skill level 5 in Maces & Flails
   323 | D        | Reached skill level 6 in Armour
   323 | D        | Reached XP level 5. HP: 30/36 MP: 4/7
   330 | D        | Killed a big kobold
   330 | D        | Reached skill level 7 in Armour
   330 | D        | Reached XP level 6. HP: 35/41 MP: 4/8
   342 | D        | Killed a water moccasin
   342 | D        | Reached ** piety under Okawaru
   342 | D        | Reached skill level 5 in Dodging
   447 | D        | Noticed a kobold demonologist
   447 | D        | Noticed a hungry ghost
   447 | D        | Noticed a yak
   447 | D        | Noticed a deep elf mage
   447 | D        | Noticed a purple ugly thing
   447 | D        | Noticed a gargoyle
   454 | D        | Noticed a ynoxinul
   457 | D        | Killed a deep elf mage
   457 | D        | Reached skill level 8 in Armour
   457 | D        | Reached XP level 7. HP: 24/47 MP: 8/10
   464 | D        | Killed a purple ugly thing
   464 | D        | Reached *** piety under Okawaru
   464 | D        | Reached skill level 9 in Armour
   464 | D        | Reached skill level 5 in Invocations
   464 | D        | Reached XP level 8. HP: 23/53 MP: 8/11
   481 | D        | Killed a gargoyle
   488 | D        | Killed a yak
   499 | D        | Killed a hungry ghost
   504 | D        | Noticed a blue devil
   505 | D        | Killed a kobold demonologist
   505 | D        | Reached **** piety under Okawaru
   505 | D        | Reached skill level 10 in Armour
   505 | D        | Reached skill level 10 in Shields
   505 | D        | Reached XP level 9. HP: 45/59 MP: 13/13
   513 | D        | Gained mutation: You evolve. [mutagenic meat]
   514 | D        | Gained mutation: You rapidly evolve. [mutagenic meat]
   515 | D        | Gained mutation: You are clumsy. (Dex -2) [mutagenic meat]
   607 | D        | Gained mutation: You are partially covered in icy blue scales (AC +1). [evolution]
   692 | D        | Noticed a blink frog
   692 | D        | Noticed a crocodile
   692 | D        | Noticed a porcupine
   692 | D        | Noticed a giant frog
   692 | D        | Noticed a giant frog
   694 | D        | Noticed a giant frog
   697 | D        | Killed a giant frog
   698 | D        | Noticed a hippogriff
   700 | D        | Killed a giant frog
   702 | D        | Killed a porcupine
   705 | D        | Noticed a basilisk
   706 | D        | Killed a crocodile
   709 | D        | Killed a giant frog
   716 | D        | Killed a hippogriff
   722 | D        | Killed a basilisk
   722 | D        | Reached ***** piety under Okawaru
   749 | D        | Killed a blink frog
   749 | D        | Reached skill level 11 in Armour
   770 | D        | Noticed a komodo dragon
   770 | D        | Noticed a spiny frog
   770 | D        | Noticed a giant frog
   770 | D        | Noticed a fire drake
   770 | D        | Noticed a yak
   770 | D        | Noticed a death yak
   781 | D        | Noticed a spiny frog
   783 | D        | Killed a death yak
   783 | D        | Reached skill level 10 in Maces & Flails
   785 | D        | Noticed a hippogriff
   794 | D        | Killed a yak
   794 | D        | Reached XP level 10. HP: 58/65 MP: 8/15
   800 | D        | Killed a fire drake
   803 | D        | Noticed a spiny frog
   811 | D        | Killed a spiny frog
   814 | D        | Killed a giant frog
   822 | D        | Killed a komodo dragon
   822 | D        | Reached skill level 12 in Armour
   827 | D        | Killed a spiny frog
   835 | D        | Killed a hippogriff
   849 | D        | Killed a spiny frog
   897 | D        | Noticed a brain worm
   897 | D        | Noticed a lindwurm
   897 | D        | Noticed a lindwurm
   897 | D        | Noticed a lindwurm
   904 | D        | Killed a lindwurm
   904 | D        | Received a gift from Okawaru
   905 | D        | Got a scorched spear {god gift}
   914 | D        | Killed a lindwurm
   925 | D        | Killed a lindwurm
   926 | D        | Noticed a lindwurm
   928 | D        | Killed a brain worm
   949 | D        | Killed a lindwurm
   949 | D        | Reached skill level 13 in Armour
   949 | D        | Reached XP level 11. HP: 12/72 MP: 13/17
  1338 | D        | Noticed an orc warrior
  1338 | D        | Noticed an orc warrior
  1338 | D        | Noticed an orc wizard
  1341 | D        | Reached skill level 10 in Dodging
  1342 | D        | Noticed an orc warrior
  1350 | D        | Noticed an orc wizard
  1358 | D        | Killed an orc warrior
  1364 | D        | Killed an orc warrior
  1369 | D        | Noticed an orc warrior
  1370 | D        | Killed an orc warrior
  1372 | D        | Killed an orc wizard
  1382 | D        | Killed an orc wizard
  1390 | D        | Killed an orc warrior
  1390 | D        | Reached skill level 10 in Fighting
  1460 | D        | Noticed an orc sorcerer
  1460 | D        | Noticed an orc warrior
  1460 | D        | Noticed an orc warrior
  1460 | D        | Noticed an orc warrior
  1460 | D        | Noticed an orc warrior
  1460 | D        | Noticed an orc sorcerer
  1467 | D        | Killed an orc sorcerer
  1470 | D        | Killed an orc warrior
  1471 | D        | Noticed an orc high priest
  1474 | D        | Killed an orc warrior
  1479 | D        | Noticed an orc warrior
  1480 | D        | Killed an orc warrior
  1480 | D        | Reached skill level 1 in Throwing
  1485 | D        | Killed an orc warrior
  1491 | D        | Noticed an orc warrior
  1500 | D        | Noticed a sun demon
  1510 | D        | Killed an orc sorcerer
  1516 | D        | Noticed an orc warrior
  1521 | D        | Killed an orc high priest
  1526 | D        | Killed an orc warrior
  1533 | D        | Noticed an orc knight
  1540 | D        | Killed an orc warrior
  1547 | D        | Killed an orc warrior
  1560 | D        | Killed an orc knight
  1618 | D        | Found Gobb's Armour Boutique.
  1618 | D        | Noticed an orc priest
  1618 | D        | Noticed an orc high priest
  1618 | D        | Noticed an orc high priest
  1618 | D        | Noticed an orc high priest
  1618 | D        | Noticed an orc high priest
  1627 | D        | Killed an orc high priest
  1636 | D        | Killed an orc high priest
  1636 | D        | Reached skill level 14 in Armour
  1638 | D        | Noticed an orc priest
  1691 | D        | Killed an orc high priest
  1701 | D        | Killed an orc priest
  1712 | D        | Noticed a sun demon
  1890 | D        | Killed an orc high priest
  1890 | D        | Received a gift from Okawaru
  2118 | D        | Gained mutation: Your mind is acute. (Int +2) [evolution]
  2196 | D        | Killed an orc priest
  2245 | D        | Noticed an orc high priest
  2253 | D        | Noticed an ice devil
  2266 | D        | Killed an orc high priest
  2266 | D        | Received a gift from Okawaru
  2266 | D        | Reached skill level 10 in Invocations
  2267 | D        | Got a polished shield {god gift}
  2278 | D        | Identified the -4 shield of the Grey Skies {rC+ Int+2 Stlth+} (Okawaru gifted it to you in the Dungeon)
  2313 | D        | Noticed an orc priest
  2317 | D        | Killed an orc priest
  2318 | D        | Found Raysufen's Distillery.
  2327 | D        | Found Afet's Distillery.
  2331 | D        | Found Cailiv's General Store.
  2333 | D        | Noticed an orc priest
  2334 | D        | Noticed an orc priest
  2335 | D        | Noticed an orc high priest
  2336 | D        | Noticed an orc priest
  2336 | D        | Noticed an orc priest
  2338 | D        | Killed an orc priest
  2341 | D        | Killed an orc priest
  2370 | D        | Killed an orc high priest
  2370 | D        | Reached XP level 12. HP: 28/79 MP: 12/19
  2376 | D        | Killed an orc priest
  2379 | D        | Killed an orc priest
  2390 | D        | Bought a +2 large shield for 231 gold pieces
  2672 | D        | Noticed Urug
  2688 | D        | Killed Urug
  2834 | D        | Noticed a troll
  2834 | D        | Noticed a manticore
  2834 | D        | Noticed a wight
  2834 | D        | Noticed a four-headed hydra
  2841 | D        | Killed a four-headed hydra
  2843 | D        | Noticed a crimson imp
  2844 | D        | Noticed a rakshasa
  2852 | D        | Killed a manticore
  2853 | D        | Noticed a slime creature
  2856 | D        | Killed a wight
  2860 | D        | Noticed a great orb of eyes
  2867 | D        | Killed a troll
  2883 | D        | Killed an unseen horror
  2883 | D        | Reached skill level 15 in Armour
  2890 | D        | Killed a rakshasa
  2895 | D        | Killed a slime creature
  2913 | D        | Killed a great orb of eyes
  2913 | D        | Reached skill level 15 in Shields
  2914 | D        | Noticed a centaur warrior
  2918 | D        | Noticed a yaktaur
  2920 | D        | Noticed an ogre mage
  2928 | D        | Killed a centaur warrior
  2928 | D        | Reached skill level 5 in Throwing
  2930 | D        | Noticed a yaktaur
  2932 | D        | Killed a yaktaur
  2939 | D        | Killed an ogre mage
  2945 | D        | Killed a yaktaur
  2950 | D        | Killed a crimson imp
  3253 | D        | Noticed a sea snake
  3253 | D        | Noticed a manticore
  3253 | D        | Noticed a merfolk
  3253 | D        | Noticed a manticore
  3253 | D        | Noticed a siren
  3253 | D        | Noticed a siren
  3254 | D        | Noticed a water nymph
  3255 | D        | Noticed an alligator snapping turtle
  3259 | D        | Killed a siren
  3264 | D        | Killed a siren
  3264 | D        | Received a gift from Okawaru
  3266 | D        | Noticed an alligator snapping turtle
  3270 | D        | Killed a manticore
  3281 | D        | Killed a merfolk
  3311 | D        | Killed an alligator snapping turtle
  3337 | D        | Killed an alligator snapping turtle
  3350 | D        | Killed a manticore
  3379 | D        | Killed a water nymph
  3379 | D        | Received a gift from Okawaru
  3394 | D        | Killed a sea snake
  3394 | D        | Reached skill level 16 in Armour
  3394 | D        | Reached XP level 13. HP: 63/86 MP: 21/21
  3420 | D        | Gained mutation: Your body sometimes deteriorates upon taking damage. [evolution]
  3489 | D        | Noticed a black mamba
  3489 | D        | Noticed a naga sharpshooter
  3489 | D        | Noticed a shock serpent
  3489 | D        | Noticed a naga sharpshooter
  3489 | D        | Noticed a black mamba
  3489 | D        | Noticed a naga mage
  3490 | D        | Noticed a naga mage
  3502 | D        | Killed a naga mage
  3504 | D        | Killed a black mamba
  3505 | D        | Noticed a black mamba
  3508 | D        | Noticed a guardian serpent
  3515 | D        | Killed a naga sharpshooter
  3522 | D        | Killed a shock serpent
  3530 | D        | Killed a naga sharpshooter
  3530 | D        | Received a gift from Okawaru
  3531 | D        | Got a bloodstained hat {god gift}
  3542 | D        | Killed a naga mage
  3542 | D        | Reached skill level 15 in Maces & Flails
  3551 | D        | Killed a black mamba
  3565 | D        | Killed a guardian serpent
  3571 | D        | Killed a black mamba
  3601 | D        | Identified the +2 hat of the Exiled Wars {MR- Regen+ Slay+2} (Okawaru gifted it to you in the Dungeon)
  3713 | D        | Noticed an orb spider
  3713 | D        | Noticed a wolf spider
  3713 | D        | Noticed a hornet
  3713 | D        | Noticed a demonic crawler
  3713 | D        | Noticed an orb spider
  3719 | D        | Killed an orb spider
  3724 | D        | Killed a demonic crawler
  3725 | D        | Noticed a redback
  3731 | D        | Killed a hornet
  3739 | D        | Killed a wolf spider
  3742 | D        | Noticed a hornet
  3743 | D        | Killed an orb spider
  3745 | D        | Noticed a wolf spider
  3748 | D        | Noticed a trapdoor spider
  3748 | D        | Killed a redback
  3758 | D        | Killed a hornet
  3765 | D        | Killed a wolf spider
  3768 | D        | Killed a trapdoor spider
  3826 | D        | Noticed a swamp drake
  3826 | D        | Noticed a seven-headed hydra
  3826 | D        | Noticed an alligator
  3826 | D        | Noticed a swamp dragon
  3826 | D        | Noticed a spiny frog
  3826 | D        | Noticed a wasp
  3827 | D        | Noticed a four-headed hydra
  3830 | D        | Killed a wasp
  3836 | D        | Killed a spiny frog
  3844 | D        | Noticed a swamp drake
  3846 | D        | Killed a swamp dragon
  3847 | D        | Noticed a spriggan druid
  3851 | D        | Killed an alligator
  3854 | D        | Killed a seven-headed hydra
  3862 | D        | Killed a four-headed hydra
  3862 | D        | Reached skill level 17 in Armour
  3866 | D        | Killed a swamp drake
  3872 | D        | Killed a swamp drake
  3881 | D        | Killed a spriggan druid
  3938 | D        | Noticed Harold
  3952 | D        | Killed Harold
  4020 | D        | Noticed a spriggan air mage
  4020 | D        | Noticed an ice dragon
  4020 | D        | Noticed a wizard
  4020 | D        | Noticed an ettin
  4020 | D        | Noticed a centaur warrior
  4020 | D        | Noticed a purple ugly thing
  4021 | D        | Noticed a white very ugly thing
  4028 | D        | Killed a purple ugly thing
  4031 | D        | Killed a centaur warrior
  4032 | D        | Noticed a great orb of eyes
  4035 | D        | Noticed a stone giant
  4046 | D        | Killed an ettin
  4046 | D        | Received a gift from Okawaru
  4053 | D        | Killed a wizard
  4054 | D        | HP: 2/88 [ice dragon/blast of cold (36)]
  4393 | D        | Noticed a yaktaur
  4402 | D        | Noticed a fire giant
  4402 | D        | Killed an ice dragon
  4408 | D        | Killed a spriggan air mage
  4408 | D        | Received a gift from Okawaru
  4415 | D        | Noticed an entropy weaver
  4422 | D        | HP: 2/88 [white very ugly thing (50)]
  4424 | D        | Killed a white very ugly thing
  4446 | D        | Slain by a great orb of eyes

Vault maps used:
D:        linesprint

Action                   |  1- 3 |  4- 6 |  7- 9 | 10-12 | 13-15 || total
-------------------------+-------+-------+-------+-------+-------++-------
Melee: Flail             |    56 |       |       |       |       ||    56
       Morningstar       |     9 |    33 |   103 |   592 |   226 ||   963
Throw: Tomahawk          |       |       |       |     1 |     4 ||     5
Invok: Heroism           |       |     1 |     2 |    12 |     6 ||    21
       Finesse           |       |       |     1 |    10 |     6 ||    17
  Use: Potion            |     1 |       |     1 |     4 |     4 ||    10
       Scroll            |       |       |       |     4 |     1 ||     5
 Stab: Confused          |       |       |       |       |     1 ||     1
  Eat: Chunk             |       |       |     3 |     2 |     1 ||     6
       Bread ration      |       |       |     1 |     2 |     1 ||     4
